 Dungeon Crawl Stone Soup version 0.20.1-1-g8b1a95d66d (webtiles) character file.

46 Meaglor the Caller (level 3, 0/19 HPs)
             Began as a Tengu Summoner on Nov 30, 2017.
             Killed from afar by Sigmund (11 damage)
             ... with a magic dart
             ... on level 2 of the Dungeon.
             The game lasted 00:10:40 (1845 turns).

Meaglor the Caller (Tengu Summoner)                 Turns: 1845, Time: 00:10:40

Health: 0/19       AC:  2    Str:  8    XL:     3   Next: 66%
Magic:  12/16      EV: 13    Int: 16    God:
Gold:   31         SH:  0    Dex: 14    Spells: 1/7 levels left

rFire    . . .     SeeInvis .   h - +0 whip (drain)
rCold    . . .     Gourm    .   (no shield)
rNeg     . . .     Faith    .   a - +0 robe
rPois    .         Spirit   .   (helmet restricted)
rElec    .         Reflect  .   (no cloak)
rCorr    .         Harm     .   (no gloves)
MR       .....                  (boots unavailable)
Stlth    ++........             (no amulet)
Regen    0.1/turn               o - ring of magical power
MPRegen  0.2/turn               (no ring)

@: no status effects
A: beak, talons 3
a: no special abilities


You were on level 2 of the Dungeon.
You were not hungry.

You visited 1 branch of the dungeon, and saw 2 of its levels.

You collected 31 gold pieces.

Inventory:

Hand Weapons
 d - a +0 dagger
 h - a +0 whip of draining (weapon)
Armour
 a - a +0 robe (worn)
 e - a +2 shield of fire resistance
Jewellery
 o - a ring of magical power (left hand)
Scrolls
 g - 3 scrolls of remove curse
 j - a scroll of immolation
Books
 b - a book of Callings

   Spells                             Type                      Level
   a - Summon Small Mammal            Summoning                    1
   b - Call Imp                       Summoning                    2
   c - Call Canine Familiar           Summoning                    3
   d - Summon Guardian Golem          Hexes/Summoning              3
   e - Summon Lightning Spire         Summoning/Air                4
   f - Summon Ice Beast               Ice/Summoning                4
 m - a book of Cantrips

   Spells                             Type                      Level
   a - Confusing Touch                Hexes                        1
   b - Animate Skeleton               Necromancy                   1
   c - Summon Small Mammal            Summoning                    1
   d - Apportation                    Translocation                1
Comestibles
 c - a bread ration
 i - a royal jelly


   Skills:
 - Level 0.4 Maces & Flails
 + Level 2.4 Dodging
 + Level 2.1 Stealth
 * Level 2.5 Spellcasting
 + Level 5.6 Summonings


You had one spell level left.
You knew the following spells:

 Your Spells              Type           Power        Failure   Level  Hunger
a - Summon Small Mammal   Summ           ###.         1%          1    #......
b - Call Imp              Summ           ###.....     3%          2    ##.....
c - Call Canine Familiar  Summ           ###.....     6%          3    ###....


Dungeon Overview and Level Annotations

Branches:
Dungeon (2/15)

Altars:

Annotations:
D:2 Sigmund


Innate Abilities, Weirdness & Mutations

You have a beak for a mouth.
You have claws for feet.


Message History

The magic dart hits you!
You swap places.
Sigmund gestures wildly while chanting.
Sigmund flickers and vanishes!
Your hound closely misses something.
Something misses your hound.
Your hound bites something but does no damage.
Your hound bites something.
Things that are here:
10 gold pieces; 10 stones
Casting: Call Canine Familiar
Confirm with . or Enter, or press ? or * to list all spells.
A beastly little devil appears in a puff of flame.
Your hound bites something. x2
A magic dart appears from out of thin air!
The magic dart hits your hound.
Your hound bites something.
A magic dart appears from out of thin air!
The magic dart hits you!
Ouch! That really hurt!
You die...

#.# #.##.##..#..##.# #..#
#.. #.# ....###....# #..#
###.#
#.#####..#..######..### .#
#.# ##...## #......)# .#
#.#######.## #.#####.#
#####.#####.......#.#####.#
#.#
..).......#######..h......#
#.#
........#.#######...#####.#
#.# ##..###.#.....5$@...#
#.#####.# ....#
..############ #.......#
##..###..# ######..####
#.......# #.......#
##.##.##.# #.####..# ...#
.# .# #.# #..# .... # .#
#.# #..# ### .# #.# #..# .#
#.# #..#


You could see a friendly hound and a friendly crimson imp.

Vanquished Creatures
  2 adders (D:2)
  A worm (D:2)
  A leopard gecko (D:2)
  A giant cockroach (D:1)
  6 goblins
  2 hobgoblins (D:1)
  3 kobolds
  4 bats
  A frilled lizard (D:2)
  A rat (D:1)
22 creatures vanquished.

Vanquished Creatures (collateral kills)
  2 goblins (D:2)
  3 hobgoblins (D:2)
  A jackal (D:2)
  A bat (D:2)
7 creatures vanquished.

Grand Total: 29 creatures vanquished

Notes
Turn   | Place    | Note
-------+----------+-------------------------------------------
     0 | D:1      | Meaglor the Tengu Summoner began the quest for the Orb.
     0 | D:1      | Reached XP level 1. HP: 10/10 MP: 4/4
   141 | D:1      | Reached skill level 5 in Summonings
   461 | D:1      | Reached XP level 2. HP: 13/15 MP: 6/6
   498 | D:1      | Learned a level 2 spell: Call Imp
  1011 | D:2      | Reached XP level 3. HP: 15/19 MP: 7/7
  1280 | D:2      | Learned a level 3 spell: Call Canine Familiar
  1567 | D:2      | Noticed Sigmund
  1845 | D:2      | Killed from afar by Sigmund

Skill      XL: |  1 |
---------------+----+-----
Summonings     | 5 |  5.6
Maces & Flails | |  0.4
Dodging        | |  2.4
Stealth        | |  2.1
Spellcasting   | |  2.5

Action                   || total
-------------------------++-------
Melee: Whip              ||    69
       Kick              ||    14
       Unarmed           ||     4
       Peck              ||     4
 Cast: Call Canine Famil ||     8
       Call Imp          ||     3
  Use: Scroll            ||     4
       Potion            ||     2
  Eat: Fruit             ||     2
       Royal jelly       ||     1
Armor: Robe              ||    13
Dodge: Dodged            ||    38
Block: Shield            ||    17
